 Dungeon Crawl Stone Soup version 0.14-a0-1590-g25a9b7f (webtiles) character file.

1238 Piginabag the Bolt Thrower (level 8, 0/50 HPs)
             Began as a Formicid Hunter on Dec 23, 2013.
             Slain by an orc priest
             ... wielding a -1,+0 orcish flail
              (5 damage)
             ... on Level 8 of the Dungeon.
             The game lasted 00:27:17 (7390 turns).

Piginabag the Bolt Thrower (Formicid Hunter)        Turns: 7390, Time: 00:27:18

HP   0/50        AC  9     Str 21      XL: 8   Next: 75%
MP   8/8         EV 13     Int 10      God:
Gold 216         SH  0     Dex 12      Spells:  0 memorised,  7 levels left

rFire  . . .     SeeInvis +     m - +1 flail (protect)
rCold  . . .     Clarity  .     d - +0 leather armour
rNeg   . . .     Conserve .     (no shield)
rPois  x         rCorr    .     (helmet unavailable)
rElec  .         rRot     .     (no cloak)
SustAb . .       Spirit   .     (no gloves)
rMut   .         Warding  .     (no boots)
Saprov . . .     Stasis   +     (no amulet)
                                (no ring)
                                (no ring)

@: quite poisoned, somewhat resistant to hostile enchantments, quite stealthy
A: permanent stasis, dig shafts and tunnels, four strong arms, poison weakness,
antennae 3, camouflage 1, breathe flames 1, slow metabolism 1, strong 1,
exoskeleton 1
a: Dig, Shaft Self, Breathe Fire


You were on level 8 of the Dungeon.
You were near starving.

You visited 1 branch of the dungeon, and saw 8 of its levels.

You collected 216 gold pieces.

Inventory:

Hand weapons
 b - a +1,+1 crossbow
 m - a +1,+1 flail of protection (weapon)
Missiles
 n - 17 poisoned needles
Armour
 d - a +0 leather armour (worn)
 E - a +0 pair of boots
Comestibles
 f - 2 bread rations
 h - 3 pears
 o - 5 rotting chunks of centaur flesh
 s - 25 grapes
 t - an apricot
 v - a lychee
Scrolls
 a - 2 scrolls of enchant weapon I {unknown}
 c - a scroll of curse armour {unknown}
 e - 5 scrolls of identify {unknown}
 g - a scroll of recharging {unknown}
 i - a scroll of magic mapping {unknown}
 j - a scroll of amnesia {unknown}
 k - a scroll of teleportation {unknown}
 u - 3 scrolls of remove curse {unknown}
 w - a scroll of immolation {unknown}
 x - a scroll of fog {unknown}
 y - 2 scrolls of enchant armour {unknown}
 B - a scroll of curse weapon {unknown}
Jewellery
 q - a +4 ring of strength {unknown}
 z - an uncursed ring of protection from fire {unknown}
Potions
 l - a potion of mutation
 r - a potion of might
Books
 A - a book of Ice

   Spells                             Type                      Level
   Freezing Aura                      Charms/Ice                   2
   Ensorcelled Hibernation            Hexes/Ice                    2
   Ozocubu's Refrigeration            Ice                          6
   Bolt of Cold                       Conjuration/Ice              6
   Freezing Cloud                     Conjuration/Ice/Air          6
   Metabolic Englaciation             Hexes/Ice                    6
   Simulacrum                         Ice/Necromancy               6
Miscellaneous
 D - a plain deck of summonings


   Skills:
 + Level 2.4 Fighting
 + Level 7.1 Crossbows
 + Level 3.9 Armour
 + Level 4.9 Dodging
 + Level 3.6 Stealth


You had 7 spell levels left.
You didn't know any spells.

Dungeon Overview and Level Annotations

Branches:
Dungeon (8/16)
 Temple: D:4-7         Lair: D:8-11

Altars:
Ashenzari
Fedhas
Makhleb
Nemelex Xobeh

Shops:
D:4 [   D:5 *

Annotations:
D:2 exclusion: oklob plant
D:5 MirrMurr's ghost, average SpEn


Innate Abilities, Weirdness & Mutations

Your are under a permanent stasis effect.
You can dig through walls and to a lower floor.
Your four strong arms can wield any weapon, most with a shield.
You are susceptible to poison.
You have a pair of large antennae on your head (SInv).
Your body is surrounded by an exoskeleton. (HP +5, AC +1)
Your skin changes colour to match your surroundings (Stlth).
You can breathe flames.
You have a slow metabolism.
Your muscles are strong. (Str +2)


Message History

You feel sick.
The orc priest shouts!
The orc shouts!
The crimson imp shouts!
You hear a shout!
You hear a bark!
You hear a shout!
Found 8 gold pieces and 16 darts.
Use which ability? (? or * to list) Are you sure you want to shaft yourself?
You are near starving!
You feel sick.
The orc priest glows brightly for a moment.
The orc hits you with an orcish short sword.
* * * LOW HITPOINT WARNING * * *
The crimson imp hits you but does no damage.
The orc hits you with an orcish flail!
* * * LOW HITPOINT WARNING * * *
You begin to dig a shaft.
You continue digging a shaft.
* * * LOW HITPOINT WARNING * * *
You feel sick.
You feel a little better.
The orc priest hits you with an orcish flail.
You die...

####### #.....#
#.....# #..o5.##
#o@..#
.......o........#
...............
...$...........
...............
.............
...........
..(...... ...


You could see an orc priest, a crimson imp and 2 orcs.

Vanquished Creatures
  An ice beast (D:6)
  A centaur (D:6)
  Sigmund (D:6)
  A giant frog (D:4)
  2 orc priests (D:4)
  A hound (D:5)
  A jelly (D:3)
  2 iguanas
  2 worker ants (D:4)
  2 orc wizards (D:4)
  Jessica (D:2)
  8 gnolls
  10 adders
  A giant centipede (D:7)
  A worm (D:2)
  2 giant eyeballs
  6 giant geckos
  10 orcs
  9 bats
  A bat zombie (D:7)
  3 giant cockroaches
  9 hobgoblins
  2 jackals (D:4)
  5 kobolds
  A quokka (D:4)
  A ball python (D:1)
  4 giant newts
  A giant spore (D:6)
  8 goblins
  11 rats
  15 ballistomycetes (D:6)
123 creatures vanquished.

Vanquished Creatures (others)
  A worker ant (D:6)
  4 giant spores (D:6)
  A ballistomycete (D:6)
6 creatures vanquished.

Grand Total: 129 creatures vanquished

Notes
Turn   | Place    | Note
--------------------------------------------------------------
     0 | D:1      | Piginabag, the Formicid Hunter, began the quest for the Orb.
     0 | D:1      | Reached XP level 1. HP: 17/17 MP: 1/1
   143 | D:1      | Reached XP level 2. HP: 21/21 MP: 2/2
   468 | D:1      | Reached XP level 3. HP: 25/25 MP: 3/3
   668 | D:2      | Noticed Jessica
   674 | D:2      | Killed Jessica
   674 | D:2      | Reached skill level 5 in Crossbows
   674 | D:2      | Reached XP level 4. HP: 28/30 MP: 4/4
  1218 | D:2      | Reached XP level 5. HP: 20/34 MP: 5/5
  1706 | D:2      | Found a blossoming altar of Fedhas.
  1729 | D:2      | Noticed an oklob plant
  1955 | D:3      | Reached skill level 1 in Armour
  2026 | D:3      | Found a burning altar of Makhleb.
  2325 | D:3      | Reached skill level 6 in Crossbows
  2625 | D:4      | Reached XP level 6. HP: 39/39 MP: 6/6
  2643 | D:4      | Found Vyupal's Armour Emporium.
  2880 | D:4      | HP: 1/39 [iguana (9)]
  3167 | D:4      | Reached XP level 7. HP: 37/43 MP: 7/7
  3711 | D:4      | Reached skill level 7 in Crossbows
  4188 | D:4      | Found a shattered altar of Ashenzari.
  4240 | D:5      | Entered Level 5 of the Dungeon
  4256 | D:5      | Found Diyth's Assorted Antiques.
  4455 | D:4      | You fall through a shaft for 3 floors!
  4490 | D:7      | Found a sparkling altar of Nemelex Xobeh.
  4968 | D:6      | Noticed Sigmund
  5019 | D:5      | Noticed MirrMurr's ghost (average SpEn)
  5971 | D:6      | Reached XP level 8. HP: 44/49 MP: 8/8
  6067 | D:6      | Killed Sigmund
  7368 | D:7      | Noticed a yak
  7383 | D:7      | Gained mutation: Your muscles are strong. (Str +2) [potion of mutation]
  7383 | D:7      | Gained mutation: Your skin changes colour to match your surroundings (Stlth). [potion of mutation]
  7383 | D:7      | Gained mutation: You have a slow metabolism. [potion of mutation]
  7385 | D:7      | Gained mutation: You can breathe flames. [potion of mutation]
  7388 | D:7      | You fall through a shaft!
  7390 | D:8      | Slain by an orc priest

Action                   |  1- 3 |  4- 6 |  7- 9 || total
-------------------------+-------+-------+-------++-------
Melee: Flail             |       |    40 |   294 ||   334
 Fire: Crossbow          |    54 |    68 |     8 ||   130
 Abil: Shaft Self        |       |       |     3 ||     3
Evoke: Wand              |       |       |     1 ||     1
  Use: Potion            |       |     2 |     6 ||     8
 Stab: Sleeping          |       |       |     3 ||     3
